 Dungeon Crawl Stone Soup version 0.18.1-8-gdd0e5ea (webtiles) character file.

1787 MARSONE the Blocker (level 9, -3/55 HPs)
             Began as a Gargoyle Fighter on May 21, 2016.
             Was an Initiate of Trog.
             Slain by a crocodile (10 damage)
             ... on level 8 of the Dungeon on May 22, 2016.
             The game lasted 00:52:36 (8506 turns).

MARSONE the Blocker (Gargoyle Fighter)              Turns: 8506, Time: 00:52:37

Health: -3/55      AC: 19    Str: 23    XL:     9   Next: 8%
Magic:  9/9        EV:  5    Int: 13    God:    Trog [......]
Gold:   145        SH: 11    Dex:  9    Spells: 0 memorised, 8 levels left

rFire  x . .     SeeInvis .     a - +1 flail
rCold  + + .     Gourm    .     Y - +0 plate armour
rNeg   + + .     Faith    .     c - +0 shield
rPois  ∞         Spirit   .     (no helmet)
rElec  +         Dismiss  .     (no cloak)
rCorr  .         Reflect  .     (no gloves)
SustAt .         Harm     .     v - +0 pair of boots
MR     .....                    (no amulet)
Stlth  ..........               P - ring of ice
                                n - ring of Lofuegit {Fragile rC+ rN+ Int+4}

@: not resistant to hostile enchantments, extremely unstealthy
A: negative energy resistance 1, electricity resistance, unbreathing,
petrification resistance, rot immunity, AC +5
a: Burn Spellbooks, Renounce Religion


You were on level 8 of the Dungeon.
You worshipped Trog.
Trog was noncommittal.
You were very hungry.

You visited 2 branches of the dungeon, and saw 9 of its levels.

You collected 420 gold pieces.
You spent 275 gold pieces at shops.

Inventory:

Hand Weapons
 a - a +1 flail (weapon)
 s - a +0 blowgun
 F - a +0 longbow
 T - a +0 shortbow
Missiles
 m - 6 stones (quivered)
 p - 2 needles of frenzy
 q - 42 sling bullets
 I - 14 tomahawks
 K - 3 silver tomahawks
 L - 51 bolts
 S - 2 throwing nets
 U - 20 arrows
Armour
 b - a +0 scale mail
 c - a +0 shield (worn)
 o - a +1 chain mail
 v - a +0 pair of boots (worn)
 B - a +0 pair of boots
 M - a +0 pair of boots
 Y - a +0 plate armour (worn)
 Z - a +1 hat
Jewellery
 n - the ring of Lofuegit (left hand) {Fragile rC+ rN+ Int+4}
   (You found it on level 5 of the Dungeon)

   [ring of positive energy]

   It affects your intelligence (+4).
   It protects you from cold.
   It protects you from negative energy.
   It will be destroyed if unequipped.
 P - a ring of ice (right hand)
 W - an uncursed ring of protection from fire
Wands
 A - a wand of lightning (12/15)
 E - a wand of confusion (38/48)
 X - a wand of lightning (7/15)
Scrolls
 h - a scroll of vulnerability {unknown}
 j - 2 scrolls of enchant weapon
 t - a scroll of immolation
 x - a scroll of recharging {unknown}
 y - 2 scrolls of noise
 z - 3 scrolls of identify
 C - 3 scrolls of magic mapping {unknown}
 H - 3 scrolls of remove curse
 Q - a scroll of fear {unknown}
 R - a scroll of silence {unknown}
Potions
 e - a potion of mutation {unknown}
 k - 4 potions of lignification {unknown}
 l - 3 potions of curing
 r - a potion of heal wounds
 u - 2 potions of agility
 w - 2 potions of degeneration {unknown}
 G - a potion of magic
Comestibles
 d - a slice of pizza
 f - 6 bread rations
 i - 7 beef jerkies


   Skills:
 + Level 5.6 Fighting
 + Level 5.7 Maces & Flails
 - Level 0.3 Throwing
 + Level 6.7 Armour
 - Level 0.7 Dodging
 + Level 8.6 Shields


You had 8 spell levels left.
You didn't know any spells.

Dungeon Overview and Level Annotations

Branches:
Dungeon (8/15)             Temple (1/1) D:6
   Lair: D:8-11

Altars:
Ashenzari
Cheibriados
Dithmenos
Elyvilon
Fedhas
Gozag
Kikubaaqudgha
Makhleb
Nemelex Xobeh
Okawaru
Pakellas
Qazlal
Ru
Sif Muna
Trog
Vehumet
Xom
Yredelemnul
Zin
The Shining One

Shops:
D:4 :*=


Innate Abilities, Weirdness & Mutations

You are resistant to torment.
Your stone body is resilient (AC +5).
You are immune to poison.
You resist negative energy.
You are resistant to electric shocks.
You can survive without breathing.
You are immune to petrification.
You are immune to rotting.


Message History

an uncursed shortbow; 10 arrows; a centaur corpse The crocodile bites you but does no damage.
Your shield and plate armour prevent you from hitting the crocodile.
You block the crocodile's attack.
You sock the crocodile!
The crocodile is moderately wounded.
The crocodile bites you but does no damage.
You hit the crocodile but do no damage.
The crocodile is moderately wounded.
The crocodile bites you but does no damage.
You hit the crocodile.
The crocodile is heavily wounded.
You block the crocodile's attack.
You hit the crocodile.
The crocodile is heavily wounded.
The crocodile bites you but does no damage.
You hit the crocodile but do no damage.
The crocodile is heavily wounded.
The crocodile bites you!
You die...

#.....# ..
#...#.#+######.......
##...#................
#....#........[.......
#.....................
#....#...............
#......(...........
##...#.(.....t.#
#...#..."..$)@#
#...#....[....#
#...#.....)...#
#...###########
#...##### #.......#
##.....[# #......#
#......#######


You could see a crocodile.

Vanquished Creatures
  A water moccasin (D:6)
  Duvessa (D:5)
  An ice beast (D:6)
  A phantom (D:6)
  5 ogres
  2 centaurs
  Dowan (D:5)
  2 scorpions
  A centaur zombie (D:7)
  A crimson imp (D:5)
  A giant frog zombie (D:6)
  A hound (D:5)
  4 orc wizards
  Crazy Yiuf (D:2)
  An iron imp (D:6)
  A centaur skeleton (D:4)
  An iguana (D:4)
  5 worker ants
  A worker ant zombie (D:5)
  4 adders
  A howler monkey skeleton (D:5)
  3 river rats (D:5)
  A shadow imp (D:6)
  2 oozes
  2 worms
  A dart slug (D:1)
  2 giant geckos
  16 orcs
  3 ball pythons
  8 bats
  6 giant cockroaches
  5 goblins
  8 hobgoblins
  4 jackals (D:5)
  4 quokkas
  A giant gecko skeleton (D:7)
  4 giant newts
  A goblin skeleton (D:6)
  3 hobgoblin zombies (D:6)
  7 kobolds
  2 orc skeletons (D:6)
  An orc zombie (D:6)
  2 quokka zombies (D:5)
  7 rats
  4 plants (D:4)
134 creatures vanquished.

Notes
Turn   | Place    | Note
--------------------------------------------------------------
     0 | D:1      | MARSONE the Gargoyle Fighter began the quest for the Orb.
     0 | D:1      | Reached XP level 1. HP: 14/14 MP: 1/1
   465 | D:1      | Reached XP level 2. HP: 19/19 MP: 2/2
   733 | D:1      | Found a sparkling altar of Nemelex Xobeh.
  1158 | D:2      | Noticed Crazy Yiuf
  1167 | D:2      | Killed Crazy Yiuf
  1167 | D:2      | Reached skill level 4 in Shields
  1167 | D:2      | Reached XP level 3. HP: 8/23 MP: 3/3
  1442 | D:2      | Reached XP level 4. HP: 13/28 MP: 4/4
  1721 | D:2      | Found a shattered altar of Ashenzari.
  2557 | D:3      | Found a shadowy altar of Dithmenos.
  3044 | D:4      | Noticed an ogre
  3049 | D:4      | Killed an ogre
  3049 | D:4      | Reached skill level 5 in Shields
  3049 | D:4      | Reached XP level 5. HP: 33/33 MP: 5/5
  3060 | D:4      | Found a blossoming altar of Fedhas.
  3212 | D:4      | Reached XP level 6. HP: 17/38 MP: 6/6
  3808 | D:5      | Entered Level 5 of the Dungeon
  3825 | D:5      | Got a sparkling ivory ring
  4118 | D:4      | Reached skill level 6 in Shields
  4118 | D:4      | Reached XP level 7. HP: 42/43 MP: 7/7
  4239 | D:4      | Reached skill level 5 in Armour
  4295 | D:4      | Found Odwifuij's Jewellery Shop.
  4503 | D:4      | Found Qagg's General Store.
  4510 | D:4      | Found Naluhy's Book Boutique.
  4648 | D:5      | Noticed Dowan
  4651 | D:5      | Noticed Duvessa
  4671 | D:5      | Killed Duvessa
  4681 | D:5      | Killed Dowan
  5529 | D:5      | Identified the ring of Lofuegit {Fragile rC+ rN+ Int+4} (You found it on level 5 of the Dungeon)
  5638 | D:5      | Reached skill level 7 in Shields
  5638 | D:5      | Reached XP level 8. HP: 46/48 MP: 8/8
  6089 | D:4      | Bought an uncursed ring of protection from fire for 275 gold pieces
  6315 | D:6      | Reached skill level 5 in Fighting
  6356 | D:6      | Found a glowing golden altar of the Shining One.
  6632 | D:6      | Reached skill level 5 in Maces & Flails
  6675 | D:6      | Reached skill level 8 in Shields
  6700 | D:6      | Found a staircase to the Ecumenical Temple.
  6731 | Temple   | Entered the Ecumenical Temple
  6978 | Temple   | Became a worshipper of Trog the Wrathful
  7976 | D:7      | Found a snail-covered altar of Cheibriados.
  7977 | D:7      | Found an iron altar of Okawaru.
  8023 | D:7      | Found a deep blue altar of Sif Muna.
  8031 | D:7      | Reached XP level 9. HP: 54/54 MP: 9/9
  8506 | D:8      | Slain by a crocodile

Skill      XL: |  1  2  3  4  5  6  7  8 |
---------------+-------------------------+-----
Shields        | 4 5 6 7 8 |  8.6
Armour         | 4 5 6 |  6.7
Fighting       | 4 5 |  5.6
Maces & Flails | 3 4 5 |  5.7
Throwing       | |  0.3
Dodging        | |  0.7

Action                   |  1- 3 |  4- 6 |  7- 9 || total
-------------------------+-------+-------+-------++-------
Melee: Flail             |   101 |   276 |   408 ||   785
Throw: Stone             |       |     1 |    73 ||    74
  Use: Scroll            |       |     6 |     1 ||     7
       Potion            |       |     5 |     3 ||     8
  Eat: Chunk             |     1 |     7 |     7 ||    15
       Bread ration      |       |     1 |       ||     1
       Meat ration       |       |       |     1 ||     1
       Fruit             |       |       |     1 ||     1
Armor: Scale mail        |    79 |    39 |       ||   118
       Chain mail        |       |    72 |   174 ||   246
       Plate armour      |       |       |    36 ||    36
Dodge: Dodged            |    44 |    58 |    71 ||   173
Block: Shield            |    71 |   152 |   221 ||   444
